 Seeded DCSS version 0.31-a0-538-gbc85326fa9 (webtiles) character file.

Game seed: 3826825538972431165 (custom seed)

200 innerfire43 the Insei (level 5, 0/36 (41) HPs)
             Began as a Gnoll Shapeshifter on Aug 13, 2023.
             Slain by an orc
             ... wielding a +1 flail of draining
              (5 damage)
             ... on level 3 of the Dungeon.
             The game lasted 00:02:39 (1721 turns).

innerfire43 the Insei (Gnoll Shapeshifter)          Turns: 1721, Time: 00:02:39

HP:   0/36 (41)     AC:  3    Str: 14    XL:     5   Next: 79%
MP:   7/7           EV: 14    Int:  7    God:
Gold: 234           SH:  0    Dex: 15    Spells: 7/7 levels left

rFire   . .          .
                       - Unarmed
rCold   . . .        (shield currently unavailable)
rNeg    . . .        a - +1 animal skin
rPois   .            (no helmet)
rElec   .            (no cloak)
rCorr   .            (no gloves)
SInv    .            (no boots)
Will    .....        (no amulet)
Stlth   +            (no ring)
HPRegen 0.26/turn    (no ring)
MPRegen 0.10/turn

%: no passive effects
@: flux-form, glowing, heavily drained
A: glow, contaminating, fangs 1, strong nose, distributed training
a: Begin Untransformation


You were on level 3 of the Dungeon.
You were something dangerously unstable.
You visited 1 branch of the dungeon, and saw 3 of its levels.

You collected 234 gold pieces.

Inventory:

Armour
 a - a +1 animal skin (worn)
Jewellery
 q - a ring of protection from cold
Talismans
 c - a beast talisman
 d - a flux talisman (active)
Scrolls
 f - 2 scrolls of vulnerability {unknown}
 g - a scroll of amnesia {unknown}
 h - a scroll of brand weapon {unknown}
 j - 2 scrolls of identify {unknown}
 k - 3 scrolls of noise {unknown}
 o - a scroll of torment {unknown}


   Skills:
 + Level 3.1 Fighting
 + Level 1.6 Short Blades
 + Level 1.6 Long Blades
 + Level 1.6 Axes
 + Level 1.6 Maces & Flails
 + Level 1.6 Polearms
 + Level 1.6 Staves
 + Level 1.6 Ranged Weapons
 + Level 1.6 Throwing
 + Level 1.6 Armour
 + Level 4.8 Dodging
 + Level 1.6 Stealth
 + Level 1.6 Shields
 + Level 6.7 Unarmed Combat
 + Level 1.6 Spellcasting
 + Level 1.3 Conjurations
 + Level 1.3 Hexes
 + Level 1.3 Summonings
 + Level 1.3 Necromancy
 + Level 1.3 Translocations
 + Level 1.3 Transmutations
 + Level 1.3 Fire Magic
 + Level 1.3 Ice Magic
 + Level 1.3 Air Magic
 + Level 1.3 Earth Magic
 + Level 1.3 Poison Magic
 + Level 1.9 Invocations
 + Level 1.6 Evocations
 + Level 6.6 Shapeshifting


You had 7 spell levels left.
You didn't know any spells.
Your spell library was empty.

Dungeon Overview and Level Annotations

Branches:
Dungeon (3/15)

Altars:


Innate Abilities, Weirdness & Mutations

You are something dangerously unstable.
You glow with magical radiation, making you easy to see and hit.
Foes you strike become dangerously contaminated with magical radiation.
You are incapable of wielding weapons or throwing items.
You have very sharp teeth.
Your uncanny sense of smell can sniff out nearby items.
Your experience applies equally to all skills.


Message History

The orc closely misses you.
You hit the orc priest.
You kill the orc priest!
A quokka comes into view.
The orc barely misses you. The orc hits you but does no damage.
You hit the kobold but do no damage.
The kobold begins to glow.
You bite the kobold, but do no damage.
The kobold unwields a +0 sling.
The kobold wields a +0 club.
The kobold barely misses you. The orc hits you with a +0 mace.
An endoplasm comes into view.
The orc hits you with a +1 flail of draining.
You feel drained.
You hit the kobold.
You kill the kobold!
The orc closely misses you.
The orc hits you with a +1 flail of draining.
You feel drained. The orc hits you with a +0 mace.
Items here: $ )))) †.
Unknown command.
You hit the orc.
The orc begins to glow.
The orc is lightly wounded.
The orc misses you. The orc hits you with a +0 mace.
* * * LOW HITPOINT WARNING * * *
You hit the orc.
The orc glows dangerously bright.
The orc is severely wounded.
The orc hits you with a +0 mace.
* * * LOW HITPOINT WARNING * * *
The orc hits you with a +1 flail of draining.
* * * LOW HITPOINT WARNING * * *
You feel drained.
You hit the orc.
You kill the orc!
The quokka closely misses you.
There are monsters nearby!
Unknown command.
You hit the orc.
The orc begins to glow.
The orc is heavily wounded.
The orc hits you with a +1 flail of draining.
You die...

.......###+###
............. #
............ #.
........... #.##
....J..... #...
......... ###. ......r.#
####### #. ......)B#
#.....#####) ......#o###
#.....##..).
.....##.:.###...........
.###........###.###.....
#..>.................
#........###>.###....
..........# #### #....
###........# #....
#........# #....


You could see an orc (contam), an endoplasm and a quokka.

Vanquished Creatures
  An orc priest (D:3)
  Jessica (D:2)
  Robin (D:2)
  3 adders (D:2)
  4 gnolls (D:3)
  A dart slug (D:1)
  3 orcs (D:3)
  4 bats
  6 endoplasms
  3 giant cockroaches (D:1)
  11 goblins
  6 hobgoblins
  2 jackals (D:2)
  4 kobolds
  A quokka (D:2)
  3 ball pythons
  A frilled lizard (D:1)
  5 rats
60 creatures vanquished.

Notes
Turn   | Place    | Note
-------+----------+-------------------------------------------
     0 | D:1      | innerfire43 the Gnoll Shapeshifter began the quest for the
                  | Orb.
     0 | D:1      | Reached XP level 1. HP: 17/17 MP: 1/1
   119 | D:1      | Reached XP level 2. HP: 22/23 MP: 2/2
   440 | D:1      | Reached XP level 3. HP: 24/28 MP: 3/3
   708 | D:2      | Noticed Jessica
   712 | D:2      | Killed Jessica
   713 | D:2      | Reached skill level 1 in Short Blades
   713 | D:2      | Reached skill level 1 in Long Blades
   713 | D:2      | Reached skill level 1 in Axes
   713 | D:2      | Reached skill level 1 in Maces & Flails
   713 | D:2      | Reached skill level 1 in Polearms
   713 | D:2      | Reached skill level 1 in Staves
   713 | D:2      | Reached skill level 1 in Ranged Weapons
   713 | D:2      | Reached skill level 1 in Throwing
   713 | D:2      | Reached skill level 1 in Armour
   713 | D:2      | Reached skill level 1 in Stealth
   713 | D:2      | Reached skill level 1 in Shields
   713 | D:2      | Reached skill level 1 in Spellcasting
   713 | D:2      | Reached skill level 1 in Invocations
   713 | D:2      | Reached skill level 1 in Evocations
   899 | D:2      | Reached XP level 4. HP: 28/34 MP: 5/5
  1100 | D:2      | Reached skill level 1 in Conjurations
  1100 | D:2      | Reached skill level 1 in Hexes
  1100 | D:2      | Reached skill level 1 in Summonings
  1100 | D:2      | Reached skill level 1 in Necromancy
  1100 | D:2      | Reached skill level 1 in Translocations
  1100 | D:2      | Reached skill level 1 in Transmutations
  1100 | D:2      | Reached skill level 1 in Fire Magic
  1100 | D:2      | Reached skill level 1 in Ice Magic
  1100 | D:2      | Reached skill level 1 in Air Magic
  1100 | D:2      | Reached skill level 1 in Earth Magic
  1100 | D:2      | Reached skill level 1 in Poison Magic
  1100 | D:2      | Noticed Robin
  1145 | D:2      | Killed Robin
  1269 | D:2      | Reached XP level 5. HP: 38/40 MP: 5/7
  1525 | D:3      | Gained mutation: You have supernaturally acute eyesight.
                  | (SInv) [potion of mutation]
  1525 | D:3      | Gained mutation: Your body sometimes deteriorates upon
                  | taking damage. [potion of mutation]
  1526 | D:3      | Lost mutation: You have supernaturally acute eyesight.
                  | (SInv) [potion of mutation]
  1526 | D:3      | Lost mutation: Your body sometimes deteriorates upon taking
                  | damage. [potion of mutation]
  1526 | D:3      | Gained mutation: You have an increased reservoir of magic.
                  | (+10% MP) [potion of mutation]
  1526 | D:3      | Lost mutation: You have an increased reservoir of magic.
                  | (+10% MP) [potion of mutation]
  1545 | D:3      | HP: 2/41 [gnoll/+0 spear (5)]
  1703 | D:3      | Identified a scroll of acquirement
  1703 | D:3      | Acquired Great Wizards, Vol. VII
  1721 | D:3      | Slain by an orc

Illustrated notes

Levels and vault maps discovered:
D:1:      roderic_crop_circles_arrival_large, layout_basic
D:2:      layout_basic, minmay_distorted, uniq_robin, uniq_jessica
D:3:      layout_basic, minivault_24, minmay_box_of_dots

Skill      XL: |  1  2  3  4  5 |
---------------+----------------+-----
Short Blades   | 1 |  1.6
Long Blades    | 1 |  1.6
Axes           | 1 |  1.6
Maces & Flails | 1 |  1.6
Polearms       | 1 |  1.6
Staves         | 1 |  1.6
Ranged Weapons | 1 |  1.6
Throwing       | 1 |  1.6
Armour         | 1 |  1.6
Stealth        | 1 |  1.6
Shields        | 1 |  1.6
Spellcasting   | 1 |  1.6
Invocations    | 1 |  1.9
Evocations     | 1 |  1.6
Conjurations   | 1 |  1.3
Hexes          | 1 |  1.3
Summonings     | 1 |  1.3
Necromancy     | 1 |  1.3
Translocations | 1 |  1.3
Transmutations | 1 |  1.3
Fire Magic     | 1 |  1.3
Ice Magic      | 1 |  1.3
Air Magic      | 1 |  1.3
Earth Magic    | 1 |  1.3
Poison Magic   | 1 |  1.3
Fighting       | 3 |  3.1
Dodging        | |  4.8
Unarmed Combat | |  6.7
Shapeshifting  | |  6.6

Action                     |  1- 3 |  4- 6 || total
---------------------------+-------+-------++-------
  Melee: Unarmed           |    77 |   100 ||   177
         Bite              |     8 |     9 ||    17
         Punch             |       |     2 ||     2
    Use: Potion            |       |     9 ||     9
         Scroll            |       |     2 ||     2
 Armour: Animal skin       |    20 |    11 ||    31
         Skin              |       |    27 ||    27
  Dodge: Dodged            |    47 |    64 ||   111
   Form: Flux              |     1 |       ||     1

Table legend: (Time is in decaauts)
 A = Elapsed time spent in this place.
 B = Non-inter-level travel time spent in this place.
 C = Inter-level travel time spent in this place.
 D = Time resting spent in this place.
 E = Time spent auto-exploring this place.
 F = Levels seen in this place.
 G = Mean time per level.
                   A        B        C        D        E       F      G
               +--------+--------+--------+--------+--------+-----+--------+
         Total |   1699 |   1667 |     32 |      0 |   1344 |   3 |  566.3 |
       Dungeon |   1699 |   1667 |     32 |      0 |   1344 |   3 |  566.3 |
               +--------+--------+--------+--------+--------+-----+--------+

Top non-repeatable levels by time:
     D:1: 700 daAuts
     D:2: 699 daAuts
     D:3: 299 daAuts
